 Dungeon Crawl Stone Soup version 0.26-a0-466-g989023bd0d (webtiles) character file.

Game seed: 1842251343767951970

14373 HoaS the Brawler (level 12, -4/96 HPs)
             Began as a Ghoul Gladiator on Aug 3, 2020.
             Was a Priest of Makhleb.
             Slain by a freezing wraith (10 damage)
             ... led by a death knight
             ... on level 10 of the Dungeon.
             The game lasted 00:24:13 (8944 turns).

HoaS the Brawler (Ghoul Gladiator)                  Turns: 8944, Time: 00:24:14

Health: -4/96      AC: 15    Str: 33    XL:     12   Next: 15%
Magic:  1/11       EV: 12    Int:  3    God:    Makhleb [***...]
Gold:   690        SH:  0    Dex: 13    Spells: 11/11 levels left

rFire    + . .     SeeInvis .     - Unarmed
rCold    + . .     Faith    .   (no shield)
rNeg     + + +     Spirit   .   a - +0 chain mail
rPois    ∞         Reflect  .   b - +1 helmet
rElec    +         Harm     .   u - +1 cloak
rCorr    .         NoCast   +   (no gloves)
MR       .....                  r - +0 pair of boots of Eckammil {-Cast rElec rPois Str+7} (curse)
Stlth    ..........             k - amulet of the acrobat
HPRegen  0.00/turn              n - +6 ring of strength
MPRegen  0.12/turn              A - ring of protection from fire

@: mighty
A: rotting body, claws 1, cold resistance 1, negative energy resistance 3,
inhibited regeneration, torment resistance, unbreathing
a: Minor Destruction, Lesser Servant of Makhleb, Renounce Religion


You were on level 10 of the Dungeon.
You worshipped Makhleb.
Makhleb was most pleased with you.
You visited 3 branches of the dungeon, and saw 13 of its levels.

You collected 690 gold pieces.

Inventory:

Missiles
 c - 4 throwing nets (quivered)
 i - 14 poisoned darts
 l - 4 boomerangs
 F - 10 javelins
Armour
 a - a +0 chain mail (worn)
 b - a +1 helmet (worn)
 r - the cursed +0 pair of boots of Eckammil (worn) {-Cast rElec rPois Str+7}
   (You found it on level 5 of the Dungeon)

   It affects your strength (+7).
   It insulates you from electricity.
   It protects you from poison.
   It prevents spellcasting.
   It has a curse placed upon it.
 u - a +1 cloak (worn)
Jewellery
 k - an amulet of the acrobat (around neck)
 n - a +6 ring of strength (left claw)
 x - an uncursed ring of fire
 A - a ring of protection from fire (right claw)
 B - an uncursed ring of magical power {unknown}
 C - an uncursed ring of positive energy {unknown}
Wands
 v - a wand of acid (9)
 y - a wand of polymorph (6)
 D - a wand of disintegration (11)
Scrolls
 h - 3 scrolls of fog
 j - 5 scrolls of remove curse
 o - 2 scrolls of teleportation
 s - 2 scrolls of identify
 w - a scroll of fear
 E - a scroll of blinking
Potions
 d - 5 potions of curing
 e - 2 potions of heal wounds
 f - 3 potions of lignification
 g - 3 potions of flight
 m - 2 potions of might
 p - a potion of invisibility {unknown}
 q - a potion of magic {unknown}
 t - a potion of degeneration {unknown}
 z - a potion of resistance {unknown}


   Skills:
 + Level 6.2 Fighting
 - Level 1.7 Throwing
 + Level 4.7 Armour
 + Level 5.6 Dodging
 * Level 17.5 Unarmed Combat


You had 11 spell levels left.
You didn't know any spells.
Your spell library contained the following spells:

 Spells                   Type           Power        Failure   Level
 Animate Skeleton         Necr           #.....       95%         1
 Apportation              Tloc           #.....       95%         1
 Corona                   Hex            #......      95%         1
 Freeze                   Ice            #...         95%         1
 Shock                    Conj/Air       #...         95%         1
 Summon Small Mammal      Summ           #...         95%         1
 Swiftness                Air            #.......     98%         2
 Frozen Ramparts          Ice            #.....       100%        3
 Lesser Beckoning         Tloc           #.........   100%        3
 Ozocubu's Armour         Ice            #.......     100%        3
 Static Discharge         Conj/Air       #.......     100%        3
 Tukima's Dance           Hex            #.......     100%        3
 Airstrike                Air            #.........   100%        4
 Hailstorm                Conj/Ice       #.......     100%        4
 Summon Ice Beast         Ice/Summ       #.......     100%        4
 Alistair's Intoxication  Tmut/Pois      #........    100%        5
 Irradiate                Conj/Tmut      #.........   100%        5
 Lightning Bolt           Conj/Air       #.........   100%        5
 Invisibility             Hex            #.......     100%        6
 Hydra Form               Tmut           Unusable     N/A         6
 Statue Form              Tmut/Erth      Unusable     N/A         6
 Dragon Form              Tmut           Unusable     N/A         7

Dungeon Overview and Level Annotations

Branches:
Dungeon (11/15)            Temple (1/1) D:4            Lair (1/6) D:9
    Orc: D:9-12

Altars:
Ashenzari
Cheibriados
Dithmenos
Elyvilon
Fedhas
Gozag
Hepliaklqana
Kikubaaqudgha
Makhleb
Nemelex Xobeh
Okawaru
Qazlal
Ru
Sif Muna
Trog
Uskayaw
Vehumet
Wu Jian
Xom
Yredelemnul
Zin
The Shining One

Shops:
D:4 *(   D:6 ?

Annotations:
D:3 2 runed translucent doors, Edwards80's ghost, amateur DDFi


Innate Abilities, Weirdness & Mutations

Your body is rotting away.
You thrive by killing the living.
You are immune to poison.
You have sharp fingernails.
Your flesh is cold resistant. (rC+)
You are immune to negative energy. (rN+++)
You do not regenerate when monsters are visible.
You are immune to unholy pain and torment.
You can survive without breathing.


Message History

* * * LOW HITPOINT WARNING * * *
The freezing wraith freezes you! You resist.
* * * LOW HITPOINT WARNING * * *
The freezing wraith barely misses you.
You claw the wraith!
You destroy the wraith!
Makhleb accepts your kill.
You feel better.
The green ugly thing tentacle-slaps you!
* * * LOW HITPOINT WARNING * * *
The eye of draining gazes at you.
Things that are here:
a +0 troll leather armour; a troll corpse You claw the freezing wraith!
The freezing wraith is moderately damaged.
The freezing wraith misses you. x2
You closely miss the freezing wraith.
The freezing wraith is moderately damaged.
The freezing wraith barely misses you. The freezing wraith hits you!
You die...

### #.# ##..'......# #.##
####..÷...# #..# ####.(## ##.#
####..)(##### #.# #....)......#
###### ####.### #...(.......#
.....# #.....<# #...........#
.....# #..<...#####......(....#
.....####.....uW@..#...(.......#
.....'..#.....G###.(...........#
.....##.#......# ###...........#
.....##........# #############
.....####......# ###### ########


You could see a green ugly thing, a freezing wraith and an eye of draining.

Vanquished Creatures
  A death knight (D:10)
  Pikel (D:4)
  A manticore (D:9)
  An ugly thing (D:9)
  2 black mambas (Lair:1)
  Psyche (D:8)
  2 cane toads (Lair:1)
  A komodo dragon (D:10)
  2 trolls (D:10)
  2 hippogriffs
  Sigmund (D:6)
  2 wraiths (D:10)
  20 yaks
  Menkaure (D:5)
  Duvessa (D:5)
  8 porcupines
  10 water moccasins (Lair:1)
  3 ice beasts
  An orc warrior (D:8)
  2 phantoms
  3 sky beasts
  2 ogres (D:6)
  2 black bears
  4 centaurs
  2 crocodiles (Lair:1)
  A big kobold (D:10)
  9 bullfrogs
  A wyvern zombie (D:9)
  Dowan (D:5)
  4 scorpions
  A vampire bat (D:3)
  9 wights
  2 electric eels (Lair:1)
  A howler monkey (D:9)
  A quasit (D:10)
  A bullfrog zombie (D:6)
  A centaur zombie (D:8)
  Crazy Yiuf (D:6)
  2 orc priests
  A gnoll shaman (D:6)
  5 hounds
  2 jellies (D:9)
  8 orc wizards
  4 bullfrog skeletons
  A centaur skeleton (D:4)
  2 iguanas
  6 worker ants
  A killer bee zombie (D:5)
  A worker ant zombie (D:9)
  10 gnolls
  17 adders
  5 shadow imps
  2 white imps (D:6)
  An ufetubus (D:5)
  An ooze (D:1)
  4 worms
  4 dart slugs
  3 fire bats (D:3)
  4 leopard geckos
  28 orcs
  2 spectral bats (D:3)
  15 bats
  3 bat skeletons (D:3)
  A bat zombie (D:3)
  6 giant cockroaches
  4 goblins
  5 hobgoblins
  12 jackals
  15 kobolds
  3 quokkas
  A bat simulacrum (D:3)
  4 frilled lizards
  A jackal skeleton (D:5)
  A leopard gecko skeleton (D:7)
  8 rats
302 creatures vanquished.

Vanquished Creatures (others)
  10 fungi (D:9)
  2 plants (D:9)
12 creatures vanquished.

Grand Total: 314 creatures vanquished

Notes
Turn   | Place    | Note
-------+----------+-------------------------------------------
     0 | D:1      | HoaS the Ghoul Gladiator began the quest for the Orb.
     0 | D:1      | Reached XP level 1. HP: 17/17 MP: 0/0
    90 | D:1      | Reached XP level 2. HP: 21/24 MP: 1/1
   132 | D:1      | Reached skill level 4 in Unarmed Combat
   379 | D:1      | Reached XP level 3. HP: 29/29 MP: 2/2
   557 | D:2      | Found a glowing silver altar of Zin.
   579 | D:2      | Reached skill level 5 in Unarmed Combat
   600 | D:2      | Reached XP level 4. HP: 36/36 MP: 3/3
   701 | D:2      | Reached skill level 6 in Unarmed Combat
   701 | D:2      | Reached XP level 5. HP: 20/41 MP: 4/4
   911 | D:2      | Found an ancient bone altar of Kikubaaqudgha.
   916 | D:2      | Found a faded altar of an unknown god.
   989 | D:2      | Reached skill level 7 in Unarmed Combat
  1330 | D:2      | Reached XP level 6. HP: 48/48 MP: 5/5
  1370 | D:2      | Found a shattered altar of Ashenzari.
  1600 | D:3      | Reached skill level 8 in Unarmed Combat
  1800 | D:3      | Found a runed translucent door.
  1800 | D:3      | Noticed Edwards80's ghost (amateur DDFi)
  2035 | D:3      | Found a radiant altar of Vehumet.
  2226 | D:3      | Found a shimmering blue altar of Sif Muna.
  2248 | D:3      | Found a runed translucent door.
  2568 | D:4      | Reached XP level 7. HP: 55/55 MP: 6/6
  2599 | D:4      | Found Ynegais's Antique Weapon Shoppe.
  2623 | D:4      | Found Qyeqarudi's Elemental Accessories.
  2782 | D:4      | Found a staircase to the Ecumenical Temple.
  2789 | Temple   | Entered the Ecumenical Temple
  2942 | D:4      | Noticed Pikel
  2966 | D:4      | Killed Pikel
  2966 | D:4      | Reached skill level 10 in Unarmed Combat
  2966 | D:4      | Reached XP level 8. HP: 25/61 MP: 7/7
  3451 | D:5      | Entered Level 5 of the Dungeon
  3493 | D:5      | Noticed Menkaure
  3501 | D:5      | Killed Menkaure
  3547 | D:5      | Reached skill level 11 in Unarmed Combat
  3701 | D:5      | Got a pair of dazzling boots
  3703 | D:5      | Identified the cursed +0 pair of boots of Eckammil {-Cast
                  | rElec rPois Str+7} (You found it on level 5 of the Dungeon)
  4048 | D:5      | Noticed Duvessa
  4079 | D:5      | Killed Duvessa
  4079 | D:5      | Reached skill level 12 in Unarmed Combat
  4088 | D:5      | Noticed Dowan
  4097 | D:5      | Killed Dowan
  4097 | D:5      | Reached XP level 9. HP: 44/67 MP: 8/8
  4361 | D:6      | Noticed Sigmund
  4367 | D:6      | Killed Sigmund
  4416 | D:6      | Reached skill level 13 in Unarmed Combat
  4522 | D:6      | Found a sacrificial altar of Ru.
  4596 | D:6      | Found a runed translucent door.
  4597 | D:6      | Noticed Crazy Yiuf
  4772 | D:6      | Found Jaheaxt's Magic Scroll Shop.
  4864 | D:6      | Found a snail-covered altar of Cheibriados.
  4889 | D:6      | Found a burning altar of Makhleb.
  4898 | D:6      | Became a worshipper of Makhleb the Destroyer
  5062 | D:6      | Killed Crazy Yiuf
  5115 | D:7      | Reached skill level 14 in Unarmed Combat
  5383 | D:7      | Reached XP level 10. HP: 73/73 MP: 9/9
  5832 | D:8      | Reached * piety under Makhleb
  5869 | D:8      | Reached skill level 15 in Unarmed Combat
  6160 | D:8      | Noticed Psyche
  6165 | D:8      | Killed Psyche
  6361 | D:9      | Found an iron altar of Okawaru.
  6404 | D:9      | Noticed a manticore
  6419 | D:9      | Killed a manticore
  6525 | D:9      | Found a staircase to the Lair.
  6564 | D:9      | Reached skill level 16 in Unarmed Combat
  6585 | D:9      | Reached skill level 1 in Armour
  6738 | D:9      | Noticed a green ugly thing
  6750 | D:9      | Killed a green ugly thing
  6773 | D:9      | Found an opulent altar of Gozag.
  7346 | D:10     | Entered Level 10 of the Dungeon
  7414 | D:10     | Reached XP level 11. HP: 74/82 MP: 10/10
  7518 | D:10     | Reached ** piety under Makhleb
  8012 | Lair:1   | Entered Level 1 of the Lair of Beasts
  8151 | Lair:1   | Reached skill level 5 in Fighting
  8201 | Lair:1   | Reached skill level 17 in Unarmed Combat
  8214 | Lair:1   | Reached *** piety under Makhleb
  8219 | Lair:1   | Reached skill level 5 in Dodging
  8624 | Lair:1   | Reached XP level 12. HP: 95/95 MP: 11/11
  8644 | Lair:1   | Found the +8 whip "Snakebite" {curare, rPois}
  8913 | D:11     | Noticed a death knight
  8924 | D:10     | Killed a death knight
  8940 | D:10     | HP: 3/96 [freezing wraith[a death knight] (10)]
  8944 | D:10     | Slain by a freezing wraith

Illustrated notes

Levels and vault maps discovered:
D:1:      wander_arrival_chamber, layout_basic, hangedman_decor_slide_cut
D:2:      layout_loops_ring, lemuel_coloured_pillars_altar,
          overflow_temple_1_default, overflow_temple_1_default,
          chequers_ecumenical_altar_island
D:3:      layout_loops_ring, lemuel_doored_altar, led_sif_pool,
          ebering_ghost_sewer_f, goddamned_bats
D:4:      layout_loops_ring, minmay_temple_entry_ruins, serial_shops, shop,
          nicolae_elemental_shop, uniq_pikel
D:5:      layout_loops_ring, nrook_mini_backslash, uniq_menkaure, uniq_duvessa
D:6:      layout_basic, grunt_temple_overflow_open, serial_shops, shop,
          hangedman_ru_absence, uniq_crazy_yiuf_cottage, uniq_sigmund
D:7:      kennysheep_six_static_rooms, layout_basic
D:8:      layout_loops_cross, uniq_psyche
D:9:      layout_small_grid, kennysheep_mini, nicolae_gozag_seed_capital,
          due_lair_maze_entry_diamond
D:10:     layout_roguey
D:11:     layout_rooms, portal_ice_cave_entry_animals_and_master
Temple:   dshaligram_water_room_temple
Lair:1:   minmay_guarded_unrand_snakebite, layout_chaotic_city,
          serial_bayou_shore_a, grunt_megastairs_5

Skill      XL: |  1  2  3  4  5  6  7  8  9 10 11 12 |
---------------+-------------------------------------+-----
Unarmed Combat | 4 5 6 7 8 10 12 14 16 17 | 17.5
Armour         | 2 4 |  4.7
Dodging        | 3 5 |  5.6
Fighting       | 3 5 6 |  6.2
Throwing       | |  1.7

Action                   |  1- 3 |  4- 6 |  7- 9 | 10-12 || total
-------------------------+-------+-------+-------+-------++-------
Melee: Unarmed           |    76 |   226 |   266 |   351 ||   919
       Punch             |     2 |     5 |    11 |    39 ||    57
Throw: Throwing net      |       |       |     2 |       ||     2
Evoke: Wand              |       |       |       |     2 ||     2
  Use: Scroll            |     3 |     4 |     8 |     8 ||    23
       Potion            |       |       |       |     1 ||     1
Armor: Leather armour    |    20 |       |       |       ||    20
       Chain mail        |     3 |   132 |   104 |    87 ||   326
Dodge: Dodged            |    61 |    87 |   136 |   165 ||   449

Table legend: (Time is in decaauts)
 A = Elapsed time spent in this place.
 B = Non-inter-level travel time spent in this place.
 C = Inter-level travel time spent in this place.
 D = Time resting spent in this place.
 E = Time spent auto-exploring this place.
 F = Levels seen in this place.
 G = Mean time per level.
                   A        B        C        D        E       F      G
               +--------+--------+--------+--------+--------+-----+--------+
         Total |   8766 |   8311 |    455 |    584 |   6027 |  13 |  674.3 |
       Dungeon |   7808 |   7400 |    408 |    584 |   5288 |  11 |  709.8 |
        Temple |     96 |     96 |      0 |      0 |     69 |   1 |   96.0 |
          Lair |    861 |    815 |     46 |      0 |    670 |   1 |  861.0 |
               +--------+--------+--------+--------+--------+-----+--------+

Top non-repeatable levels by time:
     D:3: 1125 daAuts
     D:9: 1037 daAuts
  Lair:1: 861 daAuts
     D:2: 860 daAuts
     D:5: 817 daAuts
     D:6: 793 daAuts
     D:4: 787 daAuts
     D:7: 633 daAuts
    D:10: 619 daAuts
     D:8: 579 daAuts
     D:1: 543 daAuts
  Temple: 96 daAuts
    D:11: 9 daAuts
